 Dungeon Crawl Stone Soup version 0.19.5 (webtiles) character file.

16003 Gargoyl the Protected (level 12, -11/101 HPs)
             Began as a Ghoul Abyssal Knight on May 22, 2017.
             Was an Elder of Lugonu.
             Mangled by a komodo dragon (14 damage)
             ... on level 1 of the Lair of Beasts.
             The game lasted 00:34:32 (16074 turns).

Gargoyl the Protected (Ghoul Abyssal Knight)       Turns: 16074, Time: 00:34:33

Health: -11/101    AC: 20    Str: 17    XL:     12   Next: 32%
Magic:  18/18      EV:  9    Int:  7    God:    Lugonu [****..]
Gold:   719        SH:  7    Dex: 12    Spells: 0 memorised, 11 levels left

rFire  . . .     SeeInvis +     D - +0 war axe
rCold  + + .     Gourm    .     q - +6 chain mail {rC+}
rNeg   + + +     Faith    .     s - +2 buckler
rPois  ∞         Spirit   .     m - +0 helmet
rElec  .         Reflect  .     (no cloak)
rCorr  .         Harm     .     g - +0 pair of gloves
MR     +....                    (no boots)
Stlth  ..........               (no amulet)
                                B - ring of protection from magic
                                p - ring of see invisible

@: rotting
A: rotting body, claws 1, carnivore 3, cold resistance 1, negative energy
resistance 3, slow regeneration 1, torment resistance, unbreathing
a: Depart the Abyss, Bend Space, Banish, Corrupt, Renounce Religion


You were on level 1 of the Lair of Beasts.
You worshipped Lugonu.
Lugonu was greatly pleased with you.
You were not hungry.

You visited 2 branches of the dungeon, and saw 13 of its levels.
You visited the Abyss 1 time.

You collected 719 gold pieces.

Inventory:

Hand Weapons
 a - a +1 hand axe
 D - a +0 war axe (weapon)
Missiles
 H - 2 javelins (quivered)
Armour
 g - a +0 pair of gloves (worn)
 m - a +0 helmet (worn)
 q - a +6 chain mail of cold resistance (worn)
 s - a +2 buckler (worn)
Jewellery
 d - an uncursed ring of fire
 j - an uncursed ring of protection from cold
 p - a ring of see invisible (left hand)
 x - an uncursed ring of protection from cold
 B - a ring of protection from magic (right hand)
 E - an uncursed ring of fire
Wands
 e - a wand of random effects (7/48)
 f - a wand of teleportation (8/9)
 h - a wand of digging (22/24)
 k - a wand of disintegration (24/24)
 o - a wand of digging (16/24)
 w - a wand of iceblast (9/15)
 A - a wand of iceblast (9/15)
Scrolls
 i - 2 scrolls of identify
 l - 5 scrolls of remove curse
 t - a scroll of fog
 v - 2 scrolls of amnesia
Potions
 b - a potion of flight
 r - 2 potions of curing
 z - a potion of invisibility
 F - 2 potions of magic
Books
 y - a book of Callings

   Spells                             Type                      Level
   a - Summon Small Mammal            Summoning                    1
   b - Call Imp                       Summoning                    2
   c - Call Canine Familiar           Summoning                    3
   d - Summon Guardian Golem          Hexes/Summoning              3
   e - Summon Lightning Spire         Summoning/Air                4
   f - Summon Ice Beast               Ice/Summoning                4
Comestibles
 c - 11 meat rations
 n - 10 royal jellies
 u - 5 beef jerkies
 C - a slice of pizza
 G - 3 chunks of flesh


   Skills:
 + Level 7.8 Fighting
 + Level 9.8 Axes
 + Level 0.1 Throwing
 * Level 10.8 Armour
 + Level 3.0 Dodging
 + Level 4.4 Shields
 * Level 9.5 Invocations
 + Level 0.3 Evocations


You had 11 spell levels left.
You didn't know any spells.

Dungeon Overview and Level Annotations

Branches:
Dungeon (11/15)            Temple (0/1) D:6            Lair (2/6) D:11
  Snake (0/4) Lair:2          Orc (0/2) D:10
  Swamp: Lair:2-4    Shoals: Lair:2-4

Altars:
Elyvilon
Gozag
Okawaru
Ru
Sif Muna
Uskayaw
Vehumet
Yredelemnul
Zin
The Shining One

Shops:
D:6 *

Annotations:
D:9 1 runed door
Lair:1 Nergalle
Abyss:1 Joseph, Prince Ribbit


Innate Abilities, Weirdness & Mutations

Your body is rotting away.
You thrive on raw meat.
You are immune to poison.
You have sharp fingernails.
You are carnivorous and can eat meat at any time.
Your flesh is cold resistant. (rC+)
You are immune to negative energy. (rN+++)
You regenerate slowly when monsters are visible.
You are immune to unholy pain and torment.
You can survive without breathing.


Message History

The komodo dragon bites you.
* * * LOW HITPOINT WARNING * * *
You barely miss the komodo dragon.
The komodo dragon is almost dead.
The komodo dragon barely misses you.
You hit the komodo dragon.
The komodo dragon is almost dead.
The komodo dragon bites you!!
* * * LOW HITPOINT WARNING * * *
You barely miss the komodo dragon.
The komodo dragon is almost dead.
The komodo dragon bites you.
* * * LOW HITPOINT WARNING * * *
You closely miss the komodo dragon.
The komodo dragon is almost dead.
You block the komodo dragon's attack.
You hit the komodo dragon but do no damage.
The komodo dragon is almost dead.
The komodo dragon bites you!
You die...

....................#.....#.....#
.........(..........#######......
.................................
.................................
......#.#.#.##...................
.....#.......##..#######.##......
.....#.......##.8.##########...#.
.............#...[.#......##...##
.....#........8.@.8#......##...##
...............l..........##[..#.
#....#.......##...#.............P
.............#....##......##.....
.P...#......##......#.....##...##
##...#+.####....8...##.##......P.
##........##.........##.####.....
.........#...8..>..8...#.........
........##.............#.........


You could see a komodo dragon.

Vanquished Creatures
  A hill giant (D:10)
  Pikel (D:7)
  A black mamba (Lair:1)
  3 spiny frogs (Lair:1)
  A komodo dragon (Lair:1)
  A rime drake (Lair:2)
  6 hippogriffs
  2 hornets (D:9)
  4 dream sheep (Lair:1)
  Sigmund (D:3)
  A wyvern (D:8)
  9 yaks
  The ghost of Yarinad the Covered, an amateur DsFi (D:6)
  2 steam dragons
  A basilisk (Lair:1)
  2 hungry ghosts
  2 nagas
  3 porcupines (Lair:1)
  4 water moccasins
  An orc warrior (D:10)
  5 ice beasts
  7 sky beasts
  A phantom (D:5)
  A black bear (D:11)
  A necrophage (D:9)
  2 ogres
  5 wolves (Lair:1)
  4 centaurs
  2 crocodiles
  13 bullfrogs
  5 scorpions
  6 killer bees
  8 howler monkeys
  2 bullfrog zombies
  A crimson imp (D:10)
  7 hounds
  2 jellies (D:8)
  10 orc priests
  8 orc wizards
  3 bullfrog skeletons
  2 centaur skeletons
  7 worker ants
  Ijyb (D:2)
  Natasha (thrice) (D:3)
  2 iguanas (D:11)
  A killer bee zombie (D:6)
  A hound zombie (D:10)
  A hound skeleton (D:11)
  2 worker ant zombies
  13 adders
  A shadow imp (D:5)
  6 oozes
  A dart slug (D:1)
  6 leopard geckos
  57 orcs
  2 ball pythons
  4 bats
  4 giant cockroaches
  8 goblins
  10 hobgoblins
  12 jackals
  5 quokkas
  4 frilled lizards
  4 kobolds
  A leopard gecko zombie (D:5)
  A quokka skeleton (D:4)
  9 rats
308 creatures vanquished.

Vanquished Creatures (others)
  A hydra (Lair:1)
  The ghost of Sanvar the Quickloader, a novice DgHu (D:9)
  An elephant (D:10)
  A black mamba (Lair:1)
  A komodo dragon (Lair:1)
  2 wyverns
  A basilisk (Lair:1)
  3 orc warriors
  A centaur (D:9)
  A jelly (D:8)
  A bat (D:2)
14 creatures vanquished.

Grand Total: 322 creatures vanquished

Notes
Turn   | Place    | Note
-------+----------+-------------------------------------------
     0 | Abyss:1  | Gargoyl the Ghoul Abyssal Knight began the quest for the Orb.
     0 | Abyss:1  | Reached XP level 1. HP: 19/19 MP: 1/1
    20 | Abyss:2  | Found a shimmering altar of Xom.
    20 | Abyss:2  | Found a shimmering altar of Xom.
    20 | Abyss:2  | Found a shimmering altar of Xom.
    20 | Abyss:2  | Found a shimmering altar of Xom.
    20 | Abyss:2  | Found a shimmering altar of Xom.
    20 | Abyss:2  | Found a shimmering altar of Xom.
    20 | Abyss:2  | Found a shimmering altar of Xom.
    21 | Abyss:2  | Found a corrupted altar of Lugonu.
    21 | Abyss:2  | Found a shimmering altar of Xom.
    21 | Abyss:2  | Found a shimmering altar of Xom.
    22 | Abyss:2  | Found a shimmering altar of Xom.
    22 | Abyss:2  | Found a shimmering altar of Xom.
    22 | Abyss:2  | Found a shimmering altar of Xom.
    23 | Abyss:2  | Found a shimmering altar of Xom.
    23 | Abyss:2  | Found a shimmering altar of Xom.
    23 | Abyss:2  | Found a shimmering altar of Xom.
    23 | Abyss:2  | Found a shimmering altar of Xom.
    42 | Abyss:2  | Found a shimmering altar of Xom.
    43 | Abyss:2  | Found a shimmering altar of Xom.
    43 | Abyss:2  | Found a shimmering altar of Xom.
    77 | Abyss:2  | Noticed a large abomination
    77 | D:1      | Escaped the Abyss
   126 | D:1      | Reached skill level 1 in Dodging
   130 | D:1      | Reached * piety under Lugonu
   207 | D:1      | Reached XP level 2. HP: 21/26 MP: 2/2
   273 | D:1      | Reached skill level 2 in Armour
   426 | D:1      | Reached XP level 3. HP: 22/33 MP: 3/3
   605 | D:1      | Found a glowing golden altar of the Shining One.
   876 | D:2      | Found an iron altar of Okawaru.
   979 | D:2      | Reached ** piety under Lugonu
  1050 | D:2      | Found a faded altar of an unknown god.
  1106 | D:2      | Noticed Ijyb
  1129 | D:2      | Killed Ijyb
  1129 | D:2      | Reached XP level 4. HP: 30/40 MP: 4/4
  1217 | D:2      | Noticed a hand axe
  1217 | D:2      | Noticed a dagger
  1219 | D:2      | Found a hide-covered altar of Uskayaw.
  1507 | D:3      | Noticed Natasha
  1521 | D:3      | Killed Natasha
  1521 | D:3      | Reached skill level 3 in Armour
  1525 | D:3      | Reached XP level 5. HP: 32/46 MP: 4/6
  1663 | D:3      | Noticed Natasha
  1690 | D:3      | Killed Natasha
  1761 | D:3      | Noticed Sigmund
  1798 | D:3      | Killed Sigmund
  1798 | D:3      | Reached skill level 4 in Armour
  1798 | D:3      | Reached XP level 6. HP: 26/52 MP: 7/7
  2287 | D:3      | Noticed Natasha
  2298 | D:3      | Killed Natasha
  2580 | D:4      | Reached XP level 7. HP: 45/60 MP: 8/8
  2667 | D:4      | Reached *** piety under Lugonu
  2961 | D:5      | Entered Level 5 of the Dungeon
  3400 | D:5      | Reached skill level 5 in Armour
  3461 | D:5      | Noticed Prince Ribbit
  3471 | D:5      | Banished Prince Ribbit
  3893 | D:5      | Reached skill level 1 in Shields
  3893 | D:5      | Reached XP level 8. HP: 59/67 MP: 10/10
  4068 | D:5      | Found an opulent altar of Gozag.
  4068 | D:5      | Found a basalt altar of Yredelemnul.
  4273 | D:5      | Found a deep blue altar of Sif Muna.
  4384 | D:6      | Noticed Yarinad's ghost (amateur DsFi)
  4502 | D:6      | Killed Yarinad's ghost
  4502 | D:6      | Reached skill level 6 in Armour
  4502 | D:6      | Reached skill level 5 in Invocations
  4696 | D:6      | Found a staircase to the Ecumenical Temple.
  4725 | D:6      | Found a white marble altar of Elyvilon.
  4846 | D:6      | Found Zyagh's Elemental Accessories.
  5048 | D:6      | Reached skill level 5 in Fighting
  5067 | D:6      | Reached skill level 5 in Axes
  5273 | D:6      | Reached XP level 9. HP: 37/71 MP: 12/12
  5458 | D:6      | Found a sacrificial altar of Ru.
  5797 | D:7      | Noticed Pikel
  5824 | D:7      | Killed Pikel
  5824 | D:7      | Reached skill level 7 in Armour
  6163 | D:7      | Reached **** piety under Lugonu
  6715 | D:7      | Found a radiant altar of Vehumet.
  6912 | D:7      | Reached XP level 10. HP: 51/82 MP: 12/14
  7102 | D:8      | Reached skill level 8 in Armour
  8193 | D:8      | Found a glowing silver altar of Zin.
  8800 | D:9      | Noticed Joseph
  8813 | D:9      | Banished Joseph
  9001 | D:9      | Noticed Sanvar's ghost (novice DgHu)
  9047 | D:9      | Banished Sanvar's ghost
  9560 | D:9      | Reached skill level 9 in Armour
 10191 | D:9      | Found a runed door.
 10191 | D:9      | Noticed a glowing orange brain
 10193 | D:9      | Noticed a wolf spider
 10193 | D:9      | Noticed a stone giant
 10243 | D:9      | Reached XP level 11. HP: 83/90 MP: 15/15
 10873 | D:10     | Entered Level 10 of the Dungeon
 11092 | D:10     | Found a staircase to the Orcish Mines.
 11319 | D:10     | Found a white marble altar of Elyvilon.
 11587 | D:10     | Noticed a hill giant
 11626 | D:10     | Killed a hill giant
 12194 | D:11     | Found a staircase to the Lair.
 12710 | Lair:1   | Entered Level 1 of the Lair of Beasts
 12726 | Lair:1   | Noticed a five-headed hydra
 13162 | Lair:1   | Banished a five-headed hydra
 13162 | Lair:1   | Reached skill level 10 in Armour
 14257 | Lair:1   | Reached XP level 12. HP: 41/99 MP: 13/17
 14920 | Lair:2   | Found a staircase to the Snake Pit.
 14920 | Lair:2   | Noticed Nergalle
 16071 | Lair:1   | HP: 5/101 [komodo dragon (24)]
 16072 | Lair:1   | HP: 2/101 [komodo dragon (3)]
 16074 | Lair:1   | Mangled by a komodo dragon

Skill      XL: |  1  2  3  4  5  6  7  8  9 10 11 |
---------------+----------------------------------+-----
Dodging        | 1 2 3 |  3.0
Armour         | 2 3 4 5 6 7 9 10 | 10.8
Axes           | 2 3 4 5 6 7 9 |  9.8
Invocations    | 3 4 5 6 7 9 |  9.5
Fighting       | 4 5 6 7 |  7.8
Shields        | 1 2 3 4 |  4.4
Throwing       | |  0.1
Evocations     | |  0.3

Action                   |  1- 3 |  4- 6 |  7- 9 | 10-12 || total
-------------------------+-------+-------+-------+-------++-------
Melee: Hand axe          |   140 |   168 |   568 |  1011 ||  1887
       War axe           |       |       |       |   432 ||   432
Throw: Javelin           |       |       |       |     6 ||     6
Invok: Depart the Abyss  |     1 |       |       |       ||     1
       Banish            |       |       |     2 |    15 ||    17
       Bend Space        |       |       |       |     1 ||     1
Evoke: Wand              |       |       |       |     1 ||     1
  Use: Potion            |     1 |     4 |     4 |     4 ||    13
       Scroll            |     3 |     7 |     3 |    16 ||    29
 Stab: Invisible         |       |       |       |     2 ||     2
  Eat: Chunk             |    10 |    27 |    42 |   167 ||   246
Armor: Chain mail        |   112 |   162 |   389 |   855 ||  1518
Dodge: Dodged            |    50 |    80 |   178 |   542 ||   850
Block: Buckler           |       |     3 |   153 |   499 ||   655
